 Dungeon Crawl Stone Soup version 0.15.0-14-g6bbbb5c (webtiles) character file.

3159 Kashira the Vexing (level 9, -4/76 HPs)
             Began as a Naga Enchanter on Sept 4, 2014.
             Was a Follower of Qazlal.
             Slain by an orc warrior
             ... wielding a +0 halberd
              (7 damage)
             ... in a bailey.
             The game lasted 00:44:21 (6746 turns).

Kashira the Vexing (Naga Enchanter)                 Turns: 6746, Time: 00:44:22

HP  -4/76        AC 25     Str 12      XL: 9   Next: 94%
MP   3/23        EV 11     Int 16      God: Qazlal [*.....]
Gold 318         SH  6     Dex 13      Spells:  3 memorised, 14 levels left

rFire  + . .     SeeInvis +     h - +3 flail (protect)
rCold  + + .     Clarity  .     D - +2 leather armour {rC+}
rNeg   . . .     rCorr    .     a - +0 buckler {AC+3}
rPois  +         rRot     .     r - +0 helmet (curse)
rElec  .         Spirit   .     x - +0 cloak
SustAb .         Warding  .     (no gloves)
rMut   .         Stasis   .     (no barding)
Gourm  .                        (no amulet)
MR     +....                    m - ring of protection from cold
                                K - +5 ring of protection

@: very slightly contaminated, very slow, somewhat resistant to hostile
enchantments, fairly stealthy
A: spit poison, slimy green scales 1, thin metallic scales 1, see invisible,
deformed body, fire resistance 1, poison resistance, slowness 2, AC +3
a: Spit Poison, Renounce Religion


You were in a bailey.
You worshipped Qazlal.
Qazlal was aware of your devotion.
You were not hungry.

You visited 2 branches of the dungeon, and saw 8 of its levels.
You also visited: Bailey.

You collected 318 gold pieces.

Inventory:

Hand weapons
 h - a +3 flail of protection (weapon)
 p - a +2 dagger of holy wrath
 z - a +1 dagger of venom
 F - a +1 short sword of freezing
 I - a +2 short sword of protection
 L - a +2 war axe of draining
Missiles
 i - 4 steel javelins (quivered)
 E - 4 tomahawks
Armour
 a - a +0 buckler of protection (worn)
 b - a +1 robe
 r - a cursed +0 helmet (worn)
 x - a +0 cloak (worn)
 D - a +2 leather armour of cold resistance (worn)
Magical devices
 j - a wand of random effects (9)
 t - a wand of flame (0)
 C - a wand of lightning (6)
 H - a wand of polymorph (1) {unknown}
Comestibles
 d - a bread ration
 k - 6 meat rations
 u - 3 fruits
Scrolls
 q - 3 scrolls of remove curse
 v - a scroll of recharging
 y - 2 scrolls of identify
 A - a scroll of enchant armour {unknown}
 B - 3 scrolls of teleportation
 J - 2 scrolls of noise {unknown}
 P - a scroll of amnesia {unknown}
Jewellery
 l - an uncursed ring of stealth
 m - a ring of protection from cold (right hand)
 w - an uncursed ring of fire
 K - a +5 ring of protection (left hand)
Potions
 e - 2 potions of curing
 f - a potion of restore abilities {unknown}
 o - 3 potions of heal wounds
 s - a potion of beneficial mutation
 G - a potion of poison {unknown}
 N - a potion of confusion {unknown}
 O - a potion of decay {unknown}
Books
 c - a book of Maledictions

   Spells                             Type                      Level
   *Corona                            Hexes                        1
   Sure Blade                         Hexes/Charms                 2
   Ensorcelled Hibernation            Hexes/Ice                    2
   *Confuse                           Hexes                        3
   *Dazzling Spray                    Conjuration/Hexes            3
   Enslavement                        Hexes                        4
Magical staves
 n - an uncursed staff of earth


   Skills:
 + Level 3.2 Fighting
 - Level 1.0 Short Blades
 + Level 3.1 Maces & Flails
 + Level 0.1 Throwing
 + Level 1.6 Armour
 + Level 5.4 Dodging
 - Level 4.7 Stealth
 + Level 1.7 Shields
 + Level 6.5 Spellcasting
 + Level 4.0 Conjurations
 + Level 6.9 Hexes
 + Level 1.0 Evocations


You had 14 spell levels left.
You knew the following spells:

 Your Spells              Type           Power        Failure   Level  Hunger
a - Corona                Hex            ####...      1%          1    None
b - Dazzling Spray        Conj/Hex       ###.....     4%          3    ##.....
c - Confuse               Hex            ####....     1%          3    ##.....


Dungeon Overview and Level Annotations

Branches:
Dungeon (7/15)             Temple (1/1) D:5

Altars:
Ashenzari
Cheibriados
Dithmenos
Elyvilon
Fedhas
Kikubaaqudgha
Makhleb
Nemelex Xobeh
Okawaru
Qazlal
Sif Muna
Trog
Vehumet
Xom
Yredelemnul
Zin
The Shining One

Shops:
D:4 [


Innate Abilities, Weirdness & Mutations

You cannot wear boots.
You can spit poison.
Your serpentine skin is tough (AC +3).
You have supernaturally acute eyesight.
Armour fits poorly on your strangely shaped body.
Your system is resistant to poisons.
You cover ground very slowly.
You are partially covered in slimy green scales (AC +2).
You are partially covered in thin metallic scales (AC +2).
Your flesh is heat resistant.


Message History

Use which ability? (? or * to list)
Press: ? - help, Shift-Dir - straight line, f/p - orc warrior
Aim: an orc warrior, wielding a halberd and wearing a ring mail (almost dead)
The splash of poison misses the orc warrior.
You feel slightly more hungry.
The orc warrior hits you from afar with a halberd!
* * * LOW HITPOINT WARNING * * *
Drink which item? (? for menu, Esc to quit)
You feel much better.
The orc warrior hits you but does no damage.
The orc warrior closely misses you. The orc closely misses you.
You have got your breath back.
The orc hits you from afar with a spear.
* * * LOW HITPOINT WARNING * * *
The orc warrior hits you from afar with a halberd!
* * * LOW HITPOINT WARNING * * *
The orc hits you but does no damage. The orc warrior misses you.
You block the orc's attack.
The orc warrior hits you from afar with a halberd!
You die...

########## ##.........
##..≈≈≈≈≈≈≈.
##..≈≈..)..≈≈
##########..≈≈..###).≈
#....@.....≈≈..## ##..
#§≈≈§≈≈≈≈≈≈≈..##.∩.##.
#.≈oo........## ... ##
#.≈.########## #+# '
#.≈.## . #.≈..## ≈.
#.≈≈..## ##.≈≈..#
#∩.≈≈..#


You could see an orc warrior and an orc.

Vanquished Creatures
  Pikel (D:7)
  Eustachio (D:5)
  A hippogriff (D:6)
  Edmund (D:5)
  Menkaure (D:5)
  An ice beast (D:5)
  2 orc warriors (Bailey)
  A centaur (D:7)
  4 ogres
  2 slaves (D:7)
  A phantom (D:5)
  Sigmund (D:2)
  The ghost of ctair the Firebug, an average OpFE (D:3)
  2 giant frogs
  A scorpion (D:4)
  A water moccasin skeleton (D:4)
  A vampire bat (D:4)
  A jelly (D:7)
  3 crimson imps
  A centaur skeleton (D:7)
  A hound (D:5)
  2 iguanas
  5 orc priests
  A black bear skeleton (D:5)
  7 orc wizards
  2 worker ants
  12 adders
  3 gnolls (D:4)
  An orc zombie (D:6)
  A giant mite (D:3)
  A shadow imp (D:5)
  An inept item mimic (D:3)
  4 worms
  An iguana zombie (D:5)
  5 giant geckos
  30 orcs
  4 ball pythons
  10 bats
  3 bat skeletons (D:4)
  4 bat zombies (D:4)
  5 giant cockroaches
  15 goblins
  14 hobgoblins
  11 kobolds
  5 giant newts
  2 jackals (D:2)
  A jackal skeleton (D:4)
  4 quokkas
  10 rats
  A rat skeleton (D:5)
194 creatures vanquished.

Notes
Turn   | Place    | Note
--------------------------------------------------------------
     0 | D:1      | Kashira, the Naga Enchanter, began the quest for the Orb.
     0 | D:1      | Reached XP level 1. HP: 15/15 MP: 3/3
   154 | D:1      | Reached XP level 2. HP: 13/22 MP: 0/4
   640 | D:1      | Reached XP level 3. HP: 28/28 MP: 6/6
   645 | D:1      | Learned a level 3 spell: Dazzling Spray
  1308 | D:2      | Reached XP level 4. HP: 32/36 MP: 0/8
  1606 | D:2      | Noticed Sigmund
  1613 | D:2      | Learned a level 3 spell: Confuse
  1627 | D:2      | Killed Sigmund
  1627 | D:2      | Reached skill level 1 in Fighting
  1627 | D:2      | Reached XP level 5. HP: 27/44 MP: 3/9
  1842 | D:3      | Noticed ctair's ghost (average OpFE)
  1934 | D:3      | Killed ctair's ghost
  1934 | D:3      | Reached XP level 6. HP: 50/52 MP: 3/12
  2542 | D:3      | Reached skill level 1 in Conjurations
  2814 | D:4      | Found Ogralias' Antique Armour Shop.
  3068 | D:4      | Reached XP level 7. HP: 30/58 MP: 1/17
  3164 | D:4      | Reached skill level 5 in Hexes
  3166 | D:4      | Gained mutation: Your flesh is heat resistant. [potion of mutation]
  3166 | D:4      | Gained mutation: You are partially covered in thin metallic scales (AC +2). [potion of mutation]
  3166 | D:4      | Gained mutation: You are partially covered in slimy green scales (AC +2). [potion of mutation]
  3676 | D:4      | Found an ancient bone altar of Kikubaaqudgha.
  3823 | D:4      | Found a sparkling altar of Nemelex Xobeh.
  4110 | D:4      | Found a radiant altar of Vehumet.
  4111 | D:4      | Found a burning altar of Makhleb.
  4125 | D:4      | Reached XP level 8. HP: 67/67 MP: 0/18
  4288 | D:5      | Entered Level 5 of the Dungeon
  4352 | D:5      | Noticed Edmund
  4410 | D:5      | Killed Edmund
  4597 | D:5      | Reached skill level 5 in Spellcasting
  4748 | D:5      | Found a staircase to the Ecumenical Temple.
  4758 | Temple   | Entered the Ecumenical Temple
  4799 | Temple   | Became a worshipper of Qazlal Stormbringer
  4840 | D:5      | Noticed Eustachio
  4857 | D:5      | Killed Eustachio
  4857 | D:5      | Reached skill level 6 in Hexes
  5081 | D:5      | Reached skill level 1 in Maces & Flails
  5256 | D:5      | Reached XP level 9. HP: 71/74 MP: 22/22
  5530 | D:5      | Noticed Menkaure
  5543 | D:5      | Killed Menkaure
  5543 | D:5      | Reached skill level 1 in Armour
  5627 | D:6      | Found a glowing silver altar of Zin.
  5746 | D:6      | Reached skill level 1 in Shields
  5772 | D:6      | Acquired Qazlal's first power
  6348 | D:7      | Noticed Pikel
  6374 | D:7      | Killed Pikel
  6374 | D:7      | Reached skill level 5 in Dodging
  6374 | D:7      | Reached skill level 1 in Evocations
  6469 | D:7      | Found a flagged portal.
  6524 | Bailey   | Entered a bailey
  6741 | Bailey   | HP: 3/76 [orc warrior/halberd (13)]
  6746 | Bailey   | Slain by an orc warrior

Action                   |  1- 3 |  4- 6 |  7- 9 || total
-------------------------+-------+-------+-------++-------
Melee: Dagger            |    37 |    79 |   103 ||   219
       Club              |    11 |       |       ||    11
       Flail             |       |       |   167 ||   167
Throw: Javelin           |     1 |       |       ||     1
 Cast: Corona            |     8 |       |       ||     8
       Dazzling Spray    |     5 |    23 |    91 ||   119
       Confuse           |       |    11 |    37 ||    48
 Abil: Spit Poison       |    38 |    50 |   105 ||   193
Evoke: Wand              |       |     2 |     1 ||     3
  Use: Scroll            |     2 |       |     7 ||     9
       Potion            |       |       |     4 ||     4
 Stab: Sleeping          |     1 |     1 |     5 ||     7
       Invisible         |     1 |       |     3 ||     4
       Confused          |       |     2 |     3 ||     5
  Eat: Chunk             |     4 |    12 |    16 ||    32
       Beef jerky        |       |     1 |       ||     1
       Pizza             |       |       |     1 ||     1
       Bread ration      |       |       |     3 ||     3
